 Dungeon Crawl Stone Soup version 0.28-a0-863-g8cecda6153 (webtiles) character file.

Game seed: 17693237282293326094

90283 AvatarAndi78 the Fencer (level 15, -8/132 HPs)
             Began as a Minotaur Fighter on Nov 18, 2021.
             Was the Champion of Makhleb.
             Mangled by Rupert (16 damage)
             ... on level 2 of the Orcish Mines.
             The game lasted 01:09:22 (25513 turns).

AvatarAndi78 the Fencer (Minotaur Fighter)         Turns: 25513, Time: 01:09:22

Health: -8/132     AC: 34    Str: 33    XL:     15   Next: 51%
Magic:  12/12      EV: 11    Int:  7    God:    Makhleb [******]
Gold:   779        SH:  7    Dex: 18    Spells: 14/14 levels left

rFire   + . .      SeeInvis +   e - +1 double sword (holy)
rCold   . . .      Faith    .   a - +0 buckler {rPois}
rNeg    . . .      Spirit   .   g - +6 plate armour of Nutweh {Str+3}
rPois   +          Reflect  .   h - +2 hat
rElec   +          Harm     .   q - +0 cloak
rCorr   +          Rampage  ∞   F - +0 pair of fencer's gloves {Riposte Dex+3}
Will    +++..                   A - +3 pair of seven-league boots {Rampage+∞}
Stlth   ..........              (no amulet)
HPRegen 0.32/turn               p - ring "Put-Me-On" {Will+ Str+4 Int+2 SInv}
MPRegen 0.13/turn               m - ring "Muigasac" {rPois rF+ Will+ rCorr Str+4}

@: studying Ice Magic
A: horns 2, retaliatory headbutt, frail 1, low mp 1, electricity resistance,
wild magic 1
a: Renounce Religion, Minor Destruction, Lesser Servant of Makhleb, Major
Destruction, Greater Servant of Makhleb


You were on level 2 of the Orcish Mines.
You worshipped Makhleb.
Makhleb was exalted by your worship.
You visited 3 branches of the dungeon, and saw 21 of its levels.

You collected 1804 gold pieces.
You spent 1025 gold pieces at shops.

Inventory:

Hand Weapons
 e - a +1 double sword of holy wrath (weapon)
 i - a +2 long sword of electrocution
 D - a +2 broad axe of flaming
 G - the +6 whip of the Lurker {elec, +Blink rN+ SInv}
   (You found it on level 5 of the Lair of Beasts)

   It occasionally discharges a powerful burst of electricity upon striking a
   foe.
   rN:        It protects you from negative energy.
   SInv:      It lets you see invisible.
   +Blink:    It lets you blink.
Armour
 a - a +0 buckler of poison resistance (worn)
 d - +0 pearl dragon scales
 g - the +6 plate armour of Nutweh (worn) {Str+3}
   (You bought it in a shop on level 12 of the Dungeon)

   Str:       It affects your strength (+3).
 h - a +2 hat (worn)
 j - +0 acid dragon scales
 o - a +3 chain mail of cold resistance
 q - a +0 cloak (worn)
 A - the +3 pair of seven-league boots (worn) {Rampage+∞}
   (You found it on level 2 of the Lair of Beasts)

   Its wearer moves as far as possible in that direction when moving towards
   enemies.
 F - the +0 pair of fencer's gloves (worn) {Riposte Dex+3}
   (You found it on level 3 of the Lair of Beasts)

   It allows the wearer to riposte with melee weapons, swiftly retaliating
   against missed attacks.
   Dex:       It affects your dexterity (+3).
Jewellery
 c - a ring of ice
 m - the ring "Muigasac" (right hand) {rPois rF+ Will+ rCorr Str+4}
   (You acquired it on level 10 of the Dungeon)

   [ring of willpower]

   Str:       It affects your strength (+4).
   rF:        It protects you from fire.
   rPois:     It protects you from poison.
   rCorr:     It protects you from acid and corrosion.
   Will:      It increases your willpower.
 p - the ring "Put-Me-On" (left hand) {Will+ Str+4 Int+2 SInv}
   (You found it on level 12 of the Dungeon)

   [ring of see invisible]

   Str:       It affects your strength (+4).
   Int:       It affects your intelligence (+2).
   SInv:      It lets you see invisible.
   Will:      It increases your willpower.
 x - the ring of Temptation {Ice Dex+3}
   (You took it off a spriggan on level 6 of the Lair of Beasts)

   [ring of ice]

   It enhances your ice magic.
   Dex:       It affects your dexterity (+3).
   rF:        It makes you vulnerable to fire.
   rC:        It protects you from cold.
 C - a ring of flight
Wands
 r - a wand of polymorph (22)
 t - a wand of paralysis (16)
 v - a wand of iceblast (8)
 w - a wand of charming (8)
Scrolls
 b - 2 scrolls of fear
 z - 2 scrolls of identify
 I - a scroll of magic mapping
 J - a scroll of summoning
Potions
 k - 3 potions of magic
 l - 3 potions of flight
 n - a potion of resistance
 s - 4 potions of curing
 u - 2 potions of brilliance
 B - 2 potions of heal wounds
 E - a potion of haste
 H - a potion of cancellation
Miscellaneous
 f - a box of beasts (inert)


   Skills:
 * Level 17.0 Fighting
 * Level 18.8 Long Blades
 + Level 3.3 Axes
 * Level 18.1 Armour
 + Level 5.1 Dodging
 + Level 3.1 Stealth
 + Level 10.8 Shields
 + Level 0.6 Invocations
 + Level 0.7 Evocations


You had 14 spell levels left.
You didn't know any spells.
Your spell library contained the following spells:

 Spells                   Type           Power      Damage    Failure   Level
 Animate Skeleton         Necr           0%         N/A       92%         1
 Pain                     Necr           0%         1d4       92%         1
 Summon Small Mammal      Summ           0%         N/A       92%         1
 Scorch                   Fire           0%         2d5       97%         2
 Sublimation of Blood     Necr           0%         N/A       97%         2
 Wereblood                Tmut           0%         N/A       97%         2
 Call Canine Familiar     Summ           0%         N/A       100%        3
 Conjure Flame            Conj/Fire      0%         6-21      100%        3
 Frozen Ramparts          Ice            0%         1d2       100%        3
 Ignite Poison            Fire/Tmut/Pois 0%         N/A       100%        3
 Ozocubu's Armour         Ice            0%         N/A       100%        3
 Summon Guardian Golem    Hex/Summ       0%         N/A       100%        3
 Vampiric Draining        Necr           0%         2d6       100%        3
 Flame Wave               Conj/Fire      0%         3d3       100%        4
 Hailstorm                Conj/Ice       0%         3d3       100%        4
 Ice Form                 Ice/Tmut       0%         N/A       100%        4
 Passage of Golubria      Tloc           0%         N/A       100%        4
 Petrify                  Tmut/Erth      0%         N/A       100%        4
 Sticky Flame             Conj/Fire      0%         2d3       100%        4
 Summon Ice Beast         Ice/Summ       0%         N/A       100%        4
 Freezing Cloud           Conj/Ice/Air   0%         6-21      100%        5
 Irradiate                Conj/Tmut      0%         3d13      100%        5
 Metabolic Englaciation   Hex/Ice        0%         N/A       100%        5
 Silence                  Hex/Air        0%         N/A       100%        5
 Simulacrum               Ice/Necr       0%         N/A       100%        6
 Summon Cactus Giant      Summ           0%         N/A       100%        6
 Summon Hydra             Summ           0%         N/A       100%        7
 Lehudib's Crystal Spear  Conj/Erth      0%         10d2      100%        8
 Polar Vortex             Ice            0%         N/A       100%        9


Dungeon Overview and Level Annotations

Branches:
Dungeon (13/15)            Temple (0/1) D:5            Lair (6/6) D:11
  Swamp (0/4) Lair:3        Snake (0/4) Lair:4        Slime (0/5) Lair:5
    Orc (2/2) D:11         Vaults (0/5) D:13
    Elf: Orc:2

Altars:
Ashenzari
Cheibriados
Dithmenos
Gozag
Makhleb
Trog
Vehumet
Zin
Beogh
Lugonu

Shops:
D:10 (   D:12 [   D:13 =   Orc:1 *   Orc:2 [*

Portals:
Abyss: Lair:6

Annotations:
D:13 1 runed translucent door, hemabe71's ghost, adept HuAr
Orc:2 Rupert


Innate Abilities, Weirdness & Mutations

You have a pair of horns on your head.
You reflexively headbutt those who attack you in melee.
You are frail. (-10% HP)
Your magical capacity is low. (-10% MP)
You are resistant to electric shocks. (rElec)
Your spells are a little harder to cast, but a little more powerful.


Message History

You slice Rupert!! You headbutt Rupert, but do no damage.
Rupert is heavily wounded.
Rupert hits you but does no damage.
You slice Rupert!!
Rupert is severely wounded.
The orc knight roars a battlecry!
You hear a shout!
You hit Rupert but do no damage. Your headbutt misses Rupert.
Rupert is severely wounded.
Rupert roars madly and goes into a rage!
Rupert goes berserk!
You hit Rupert. You headbutt Rupert, but do no damage.
Rupert is severely wounded.
Rupert hits you with a +0 vorpal great mace!!
* * * LOW HITPOINT WARNING * * *
x2 The orc knight roars a battlecry!
You hear a shout! x2
You closely miss Rupert.
Rupert is severely wounded.
You block Rupert's attack.
You hit Rupert.
Rupert is almost dead.
Rupert hits you with a +0 vorpal great mace!
* * * LOW HITPOINT WARNING * * *
x2 You closely miss Rupert.
You headbutt Rupert!
Rupert is almost dead.
Rupert hits you with a +0 vorpal great mace!
* * * LOW HITPOINT WARNING * * *
x2 You slash Rupert!
Rupert is almost dead.
Rupert hits you but does no damage.
The orc knight roars a battlecry!
Okay, then.
Blink to where?
Press: ? - help, Dir - move target
As you read the scroll of blinking, it crumbles to dust.
Rupert rages.
You hear a shout!
Rupert hits you with a +0 vorpal great mace!
You die...

##.......................
##.....................##
#...........#........##.#
#........................
##.......................
#........................
#....................#...
##.......................
##.....@@......o........
##......).........#..#.##
#........))......#....###
##.....)))...............
##.......).........P....P
#.........)..............
#.........))##.........P.
##........).........P....
#...........)..........∩.


You could see Rupert (berserk).

Vanquished Creatures
  2 orc warlords (Orc:2)
  An ironbound preserver (D:13)
  8 hydras
  11 boulder beetles
  3 two-headed ogres
  Erica (Lair:2)
  2 centaur warriors (D:13)
  A death knight (D:11)
  3 death yaks (Lair:5)
  2 orc high priests
  4 thrashing horrors (Lair:6)
  3 lindwurms
  2 orc knights
  A lindwurm (shapeshifter) (Lair:6)
  A phantasmal warrior (D:12)
  A wizard (D:7)
  A deep elf pyromancer (D:13)
  4 orc sorcerers
  2 ugly things
  A cyclops (D:13)
  13 elephants
  6 black mambas
  3 gargoyles
  A guardian serpent (Lair:2)
  3 smoke demons (Lair:6)
  A torpor snail (Lair:6)
  14 cane toads
  Maggie (Lair:1)
  A kobold demonologist (D:11)
  9 komodo dragons
  An efreet (D:13)
  6 rime drakes
  2 unseen horrors
  2 ancient zymes (Lair:6)
  2 jumping spiders (Lair:5)
  8 trolls
  10 polar bears
  5 slime creatures
  19 dream sheep
  36 blink frogs
  A meliai zombie (D:11)
  Sigmund (D:2)
  2 spriggans (Lair:6)
  2 vampires
  2 shadows
  53 yaks
  2 tarantellas (Lair:5)
  4 wyverns
  9 vampire mosquitoes
  13 small abominations (Lair:6)
  6 basilisks
  3 chaos spawn (Lair:6)
  A steam dragon (D:8)
  3 nagas (Lair:4)
  4 wargs
  3 acid dragons
  15 water moccasins
  3 sky beasts
  5 ice beasts
  2 black bears
  21 orc warriors
  3 necrophages
  3 ogres
  10 wolves
  8 centaurs
  2 phantoms
  13 bullfrogs
  A gnoll sergeant (D:5)
  2 scorpions
  8 killer bees
  A water moccasin skeleton (D:6)
  An electric eel (Lair:2)
  3 howler monkeys
  3 centaur zombies
  3 lava snakes (Lair:5)
  3 jellies
  A bullfrog zombie (D:4)
  2 gnoll shamans
  17 orc priests
  4 hounds
  3 iguanas
  14 orc wizards
  2 killer bee zombies
  A howler monkey zombie (D:9)
  Robin (D:2)
  18 gnolls
  2 howler monkey skeletons
  7 adders
  4 white imps
  An ufetubus (D:5)
  An adder skeleton (D:4)
  A dart slug (D:5)
  84 orcs
  7 endoplasms
  4 giant cockroaches
  13 goblins
  6 hobgoblins
  4 jackals
  10 kobolds
  5 quokkas
  6 ball pythons
  7 bats
  2 frilled lizards
  3 rats
646 creatures vanquished.

Vanquished Creatures (collateral kills)
  A tengu reaver (D:12)
  A cyclops (D:9)
  A tarantella (shapeshifter) (D:12)
  5 centaurs
  A howler monkey (D:9)
  An orc priest (Orc:1)
10 creatures vanquished.

Vanquished Creatures (others)
  An orc (D:8)
  44 fungi
  50 plants
95 creatures vanquished.

Grand Total: 751 creatures vanquished

Notes
Turn   | Place    | Note
-------+----------+-------------------------------------------
     0 | D:1      | AvatarAndi78 the Minotaur Fighter began the quest for the
                  | Orb.
     0 | D:1      | Reached XP level 1. HP: 19/19 MP: 0/0
   487 | D:2      | Reached XP level 2. HP: 27/27 MP: 1/1
   515 | D:2      | Noticed Robin
   526 | D:2      | Killed Robin
   527 | D:2      | Reached XP level 3. HP: 16/33 MP: 2/2
   884 | D:2      | Noticed Sigmund
   910 | D:2      | Killed Sigmund
   911 | D:2      | Reached skill level 5 in Fighting
   911 | D:2      | Reached skill level 1 in Long Blades
   911 | D:2      | Reached skill level 5 in Armour
   911 | D:2      | Reached XP level 4. HP: 26/42 MP: 3/3
   911 | D:2      | Reached XP level 5. HP: 30/48 MP: 4/4
  1295 | D:2      | Reached skill level 1 in Dodging
  1753 | D:3      | Reached XP level 6. HP: 56/56 MP: 5/5
  1912 | D:3      | Found a glowing silver altar of Zin.
  1969 | D:3      | Found an opulent altar of Gozag.
  1969 | D:3      | Found a burning altar of Makhleb.
  2375 | D:3      | Became a worshipper of Makhleb the Destroyer
  2733 | D:4      | Gained mutation: You are resistant to electric shocks.
                  | (rElec) [potion of mutation]
  2733 | D:4      | Gained mutation: Your spells are a little harder to cast,
                  | but a little more powerful. [potion of mutation]
  2733 | D:4      | Gained mutation: Your magical capacity is low. (-10% MP)
                  | [potion of mutation]
  3090 | D:4      | Reached XP level 7. HP: 62/62 MP: 5/5
  3100 | D:4      | Reached * piety under Makhleb
  3780 | D:5      | Entered Level 5 of the Dungeon
  3800 | D:5      | Reached skill level 5 in Long Blades
  4155 | D:4      | Reached XP level 8. HP: 64/71 MP: 6/6
  4305 | D:5      | Found a radiant altar of Vehumet.
  4377 | D:5      | Reached ** piety under Makhleb
  4628 | D:5      | Found a staircase to the Ecumenical Temple.
  5108 | D:6      | Reached skill level 5 in Shields
  5112 | D:6      | Reached XP level 9. HP: 54/79 MP: 7/7
  5665 | D:7      | Reached *** piety under Makhleb
  6002 | D:7      | Noticed an orc sorcerer
  6002 | D:7      | Noticed a wizard
  6004 | D:7      | Noticed a rust devil
  6016 | D:7      | Paralysed by an orc sorcerer for 4 turns
  6023 | D:7      | Killed an orc sorcerer
  6024 | D:7      | Reached skill level 10 in Long Blades
  6068 | D:7      | Killed a wizard
  6661 | D:7      | Reached XP level 10. HP: 75/88 MP: 8/8
  6948 | D:8      | Found a broken altar of Ashenzari.
  6985 | D:8      | Found a bloodstained altar of Trog.
  6985 | D:8      | Found a snail-covered altar of Cheibriados.
  8261 | D:9      | Noticed a cyclops
  8273 | D:9      | Reached skill level 10 in Armour
  8282 | D:9      | Killed a cyclops
  8310 | D:9      | Paralysed by a centaur for 2 turns
  8896 | D:9      | Found a shadowy altar of Dithmenos.
  9111 | D:10     | Entered Level 10 of the Dungeon
  9201 | D:10     | Found Xilehoma's Weapon Shop.
  9220 | D:10     | Noticed a two-headed ogre
  9229 | D:10     | Killed a two-headed ogre
  9232 | D:10     | Identified a scroll of acquirement
  9232 | D:10     | Acquired the ring "Muigasac" {rPois rF+ Will+ rCorr Str+4}
  9373 | D:10     | Reached **** piety under Makhleb
  9430 | D:10     | Reached skill level 1 in Stealth
  9440 | D:10     | Reached XP level 11. HP: 89/97 MP: 9/9
 10070 | D:11     | Noticed an orc knight
 10070 | D:11     | Noticed a brown ugly thing
 10078 | D:10     | Killed a brown ugly thing
 10442 | D:11     | Killed an orc knight
 10450 | D:11     | Reached skill level 10 in Fighting
 10667 | D:11     | Found a staircase to the Orcish Mines.
 10751 | D:11     | Found a staircase to the Lair.
 10922 | D:11     | Noticed a death knight
 10951 | D:11     | Killed a death knight
 11386 | D:11     | Identified the +2 broad axe "Jellyslayer" {freeze, rC++}
 11386 | D:11     | Noticed a frost giant
 12536 | D:12     | Noticed a boulder beetle
 12560 | D:12     | Killed a boulder beetle
 12628 | D:12     | Found Kaxoreif's Armour Shop.
 12926 | D:12     | Reached XP level 12. HP: 106/110 MP: 10/10
 13196 | D:12     | Found a runed translucent door.
 13197 | D:12     | Noticed a tengu reaver
 13209 | D:13     | Found Ados's Jewellery Shop.
 13257 | D:13     | Noticed a centaur warrior
 13269 | D:13     | Killed a centaur warrior
 13385 | D:13     | Noticed a two-headed ogre
 13391 | D:13     | Killed a two-headed ogre
 13455 | D:13     | Found a runed translucent door.
 13463 | D:13     | Noticed hemabe71's ghost (adept HuAr)
 13479 | D:13     | Reached skill level 15 in Long Blades
 13543 | D:13     | Noticed a boulder beetle
 13562 | D:13     | Killed a boulder beetle
 13611 | D:13     | Found a gate to the Vaults.
 13611 | D:13     | Noticed an ironbound preserver
 13690 | D:13     | Killed an ironbound preserver
 13723 | D:13     | Reached ***** piety under Makhleb
 13776 | D:13     | Noticed a centaur warrior
 13776 | D:13     | Noticed a boulder beetle
 14132 | D:12     | Bought the +6 plate armour of Nutweh {Str+3} for 729 gold
                  | pieces
 14160 | D:13     | Killed a boulder beetle
 14639 | D:13     | Killed a centaur warrior
 15556 | D:12     | Killed a tengu reaver
 15931 | D:12     | Identified the ring "Put-Me-On" {Will+ Str+4 Int+2 SInv}
 15971 | Lair:1   | Entered Level 1 of the Lair of Beasts
 15987 | Lair:1   | Noticed Maggie
 15994 | Lair:1   | Killed Maggie
 16339 | Lair:1   | Reached XP level 13. HP: 119/119 MP: 11/11
 16613 | Lair:2   | Noticed Erica
 16618 | Lair:2   | Killed Erica
 16706 | Lair:2   | Reached skill level 15 in Armour
 16754 | Lair:2   | Identified the +0 chain mail of Integrity {rPois rC- Regen+
                  | Int-5}
 17742 | Lair:2   | Found the +3 pair of seven-league boots {Rampage+∞}
 18442 | Lair:3   | Found the +0 pair of fencer's gloves {Riposte Dex+3}
 18660 | Lair:3   | Found a staircase to the Swamp.
 18945 | Lair:4   | Found a staircase to the Snake Pit.
 19145 | Lair:4   | You fall into a shaft and drop 2 floors!
 19145 | Lair:6   | Entered Level 6 of the Lair of Beasts
 19297 | Lair:5   | Found a staircase to the Slime Pits.
 19310 | Lair:5   | Reached XP level 14. HP: 91/133 MP: 12/12
 19834 | Lair:5   | Reached ****** piety under Makhleb
 20477 | Lair:5   | Found a runed translucent door.
 20491 | Lair:5   | Found a runed translucent gate.
 20491 | Lair:5   | Found a runed translucent gate.
 20492 | Lair:5   | Found a runed translucent gate.
 20492 | Lair:5   | Found a runed translucent gate.
 20492 | Lair:5   | Found a runed translucent gate.
 20492 | Lair:5   | Found a runed translucent gate.
 20509 | Lair:5   | Identified the +6 whip of the Lurker {elec, +Blink rN+
                  | SInv}
 20800 | Lair:5   | Reached skill level 15 in Fighting
 20802 | Lair:5   | HP: 5/135 [boulder beetle (13)]
 21641 | Lair:5   | Acquired a +0 double sword of holy wrath
 22209 | Lair:6   | Identified the +5 shortbow of Tender Mercy {flame, *Slow
                  | Will+ Dex+3}
 22209 | Lair:6   | Identified the ring of Temptation {Ice Dex+3}
 22228 | Lair:6   | Found a corrupted altar of Lugonu.
 22228 | Lair:6   | Found a one-way gate to the infinite horrors of the Abyss.
 22365 | Lair:6   | Reached skill level 10 in Shields
 22465 | Lair:6   | Reached skill level 5 in Dodging
 22535 | Lair:6   | Reached XP level 15. HP: 135/144 MP: 12/12
 24086 | Orc:1    | Entered Level 1 of the Orcish Mines
 24108 | Orc:1    | Found Nanias's Assorted Antiques.
 24133 | Orc:1    | Bought a scroll of fear for 94 gold pieces
 24133 | Orc:1    | Bought a scroll of blinking for 202 gold pieces
 24310 | Orc:1    | Gained mutation: You are frail. (-10% HP) [a neqoxec]
 24804 | Orc:2    | Entered Level 2 of the Orcish Mines
 24805 | Orc:2    | Noticed an orc warlord
 24833 | Orc:2    | Killed an orc warlord
 25424 | Orc:2    | Found Cafil's Antique Armour Emporium.
 25455 | Orc:2    | Found Luinutap's General Store.
 25455 | Orc:2    | Noticed an orc warlord
 25455 | Orc:2    | Noticed Rupert
 25484 | Orc:2    | Killed an orc warlord
 25498 | Orc:2    | HP: 3/132 [Rupert (4)]
 25513 | Orc:2    | Mangled by Rupert

Illustrated notes

Levels and vault maps discovered:
D:1:      minmay_arrival_four_houses, layout_rooms
D:2:      layout_basic, uniq_robin, uniq_sigmund
D:3:      layout_rooms, zin_academy, mainiacjoe_overflow_divided_tiny,
          minmay_goblin_kobold_house
D:4:      layout_layer_cave
D:5:      layout_rooms, mainiacjoe_overflow_six_doors_small,
          minmay_temple_entry_overgrown, minmay_fractal_squares_5
D:6:      layout_rooms, minmay_misc_feat_rugged
D:7:      cheibrodos_wizards_tower, layout_loops_ring, grunt_ministairs_1,
          minmay_misc_feat_columns, nicolae_concentric_dashed_squares_wild
D:8:      layout_loops_corners, ashenzari_conservatory_becter,
          chequers_temple_overflow_statue_of_worship, lemuel_flame_loot_1
D:9:      layout_small_grid, old_standard_altar, st_stairs_3
D:10:     layout_irregular_city, serial_shops, shop
D:11:     minmay_coctagon, layout_basic, dpeg_oklobed_lair, david_orc_5
D:12:     layout_long_grid, serial_shops, nicolae_take_the_stairs,
          kennysheep_treasure_room
D:13:     layout_loops_corners, skrybe_vaults_entry_preservation,
          ebering_ghost_reflecting_pool, serial_shops, nicolae_stop_n_shop_2
Lair:1:   layout_cave_shapes, uniq_maggie
Lair:2:   layout_roguey, portal_ice_cave_rime,
          hellmonk_guarded_unrand_seven_league_boots, grunt_megastairs_1,
          serial_bayou_shore_a, lemuel_fruit_fields, uniq_erica
Lair:3:   layout_regular_city, swamp_mist
Lair:4:   layout_regular_city, minmay_snake_entry_guardpost_small,
          grunt_forest_small_clearings, beast_lair_carwin_5
Lair:5:   gammafunk_indiana_jones, layout_cave_pods,
          nicolae_slime_entry_slimehenge, infiniplex_staircase_pool_2
Lair:6:   hellmonk_lair_end_abyssal_woods, layout_cave_pods
Orc:1:    layout_caves, basic_altar, serial_shops, nicolae_shop_waterfront,
          minmay_orc_temple_c
Orc:2:    grunt_orc_gardens, layout_caves, grunt_orc_garden, grunt_orc_garden,
          grunt_orc_garden, grunt_orc_garden, gammafunk_ghost_smash, uniq_rupert

Skill      XL: |  1  2  3  4  5  6  7  8  9 10 11 12 13 14 15 |
---------------+----------------------------------------------+-----
Armour         | 4 5 6 8 9 11 13 14 16 17 18 | 18.1
Fighting       | 4 5 6 7 8 9 11 12 14 16 17 | 17.0
Long Blades    | 1 2 4 6 8 11 13 14 15 16 18 | 18.8
Axes           | 3 |  3.3
Shields        | 4 5 6 7 9 10 | 10.8
Dodging        | 1 2 3 4 5 |  5.1
Stealth        | 1 2 3 |  3.1
Invocations    | |  0.6
Evocations     | |  0.7

Action                   |  1- 3 |  4- 6 |  7- 9 | 10-12 | 13-15 || total
-------------------------+-------+-------+-------+-------+-------++-------
Melee: War axe           |    32 |       |       |       |       ||    32
       Headbutt          |     8 |    15 |    48 |   162 |   414 ||   647
       Long sword        |    32 |   104 |   262 |   571 |   454 ||  1423
       Double sword      |       |       |       |       |   484 ||   484
       Whip              |       |       |       |       |    91 ||    91
Invok: Minor Destruction |       |       |     2 |       |       ||     2
Evoke: Wand              |       |       |       |     6 |     5 ||    11
       Box of beasts     |       |       |       |       |     1 ||     1
  Use: Scroll            |       |     5 |     6 |    16 |    15 ||    42
       Potion            |       |     3 |     4 |     7 |     3 ||    17
 Stab: Paralysed         |       |       |       |     6 |       ||     6
Armor: Scale mail        |    38 |    12 |       |       |       ||    50
       Chain mail        |       |    41 |   128 |   249 |       ||   418
       Plate armour      |       |       |       |    72 |   502 ||   574
Dodge: Dodged            |    32 |    47 |    83 |   230 |   388 ||   780
Block: Buckler           |    17 |    19 |    68 |   132 |   274 ||   510
       Rpst.: Long sword |       |       |       |       |    20 ||    20
       Double sword      |       |       |       |       |    45 ||    45
       Whip              |       |       |       |       |    11 ||    11

Table legend: (Time is in decaauts)
 A = Elapsed time spent in this place.
 B = Non-inter-level travel time spent in this place.
 C = Inter-level travel time spent in this place.
 D = Time resting spent in this place.
 E = Time spent auto-exploring this place.
 F = Levels seen in this place.
 G = Mean time per level.
                   A        B        C        D        E       F      G
               +--------+--------+--------+--------+--------+-----+--------+
         Total |  25190 |  23428 |   1762 |      0 |  19326 |  21 | 1199.5 |
       Dungeon |  15931 |  14805 |   1126 |      0 |  12345 |  13 | 1225.5 |
          Lair |   7885 |   7297 |    588 |      0 |   5913 |   6 | 1314.2 |
  Orcish Mines |   1373 |   1325 |     48 |      0 |   1067 |   2 |  686.5 |
               +--------+--------+--------+--------+--------+-----+--------+

Top non-repeatable levels by time:
  Lair:5: 2756 daAuts
    D:11: 2020 daAuts
     D:4: 1753 daAuts
    D:10: 1525 daAuts
  Lair:2: 1512 daAuts
     D:8: 1447 daAuts
    D:12: 1414 daAuts
  Lair:6: 1355 daAuts
    D:13: 1295 daAuts
     D:7: 1259 daAuts
     D:9: 1055 daAuts
     D:2: 1015 daAuts
     D:3: 1010 daAuts
     D:6: 869 daAuts
  Lair:4: 815 daAuts
